 Dungeon Crawl Stone Soup version 0.17-a0-1132-g5dd4065 (console) character file.

53 Monkaria the Skirmisher (level 3, -9/30 HPs)
             Began as a Demonspawn Chaos Knight on May 25, 2015.
             Mangled by Sigmund
             ... wielding a +0 scythe
              (15 damage)
             ... on level 2 of the Dungeon.
             The game lasted 00:01:27 (1051 turns).

Monkaria the Skirmisher (Demonspawn Chaos Knight)   Turns: 1051, Time: 00:01:27

Health: -9/30      AC:  8    Str: 13    XL:     3   Next: 62%
Magic:  0/3        EV: 16    Int: 13    God:    Xom [....*.]
Gold:   67         SH:  0    Dex: 17    Spells: 0 memorised, 2 levels left

rFire  . . .     SeeInvis .     a - +0 falchion (chaos)
rCold  . . .     Clarity  .     b - +2 leather armour
rNeg   . . .     SustAt   .     (no shield)
rPois  .         Gourm    .     j - +2 helmet
rElec  .         Spirit   +     (no cloak)
rCorr  .         Warding  .     (no gloves)
rMut   .         Stasis   .     (no boots)
MR     .....                    (no amulet)
Stlth  ++........               (no ring)
                                (no ring)

@: agile, very slightly contaminated, hasted, very quick, not resistant to
hostile enchantments, unstealthy
A: claws 1, magic shield
a: Renounce Religion


You were on level 2 of the Dungeon.
You worshipped Xom.
You were a beloved toy of Xom.
You were hungry.

You visited 1 branch of the dungeon, and saw 2 of its levels.

You collected 67 gold pieces.

Inventory:

Hand weapons
 a - a +0 falchion of chaos (weapon)
Armour
 b - a +2 leather armour (worn)
 j - a +2 helmet (worn)
Scrolls
 d - a scroll of fear {unknown}
 e - 5 scrolls of identify {unknown}
 f - a scroll of enchant weapon {unknown}
 h - a scroll of enchant armour {unknown}
 k - 2 scrolls of blinking {unknown}
 l - a scroll of random uselessness {unknown}
Comestibles
 c - a bread ration
 i - 2 meat rations
 m - a fruit


   Skills:
 - Level 4.2 Fighting
 - Level 2.6 Long Blades
 - Level 1.7 Armour
 - Level 0.8 Dodging
 + Level 1.5 Unarmed Combat


You had 2 spell levels left.
You didn't know any spells.

Dungeon Overview and Level Annotations

Branches:
Dungeon (2/15)

Altars:

Annotations:
D:2 Sigmund


Innate Abilities, Weirdness & Mutations

You have sharp fingernails.
When hurt, damage is shared between your health and your magic reserves.


Message History

You are too injured to fight recklessly!
You are too injured to fight recklessly!
You are too injured to fight recklessly!
You are too injured to fight recklessly!
You hear a shout!
You barely miss Sigmund.
Sigmund is heavily wounded.
You hit Sigmund. You freeze Sigmund.
Sigmund is heavily wounded.
You hit Sigmund.
Sigmund glows shimmering leaf green for a moment.
Sigmund is severely wounded.
A goblin comes into view. It is wielding a dagger.
Sigmund closely misses you.
You hit Sigmund but do no damage.
Sigmund is severely wounded.
Sigmund hits you with a scythe!
Ouch! That really hurt!
You die...
Xom roars with laughter!

.#.# #...# #{## ...# #...# #.#
...#### #...# #.# ......##
#...############.## .(.....#
#.....).)..........
.......########...#####........##
.......#..................#......
>..)..........<...............#..
.......#........@........#....#.#
#..###.########@..#####..#......#
#......# #.g................
#.###### #...#########..#### #.#
#...# #...... #.# #...# #.#####
#.# #...# #.# #.# #...# #.. #.#
###


You could see Sigmund (berserk) and a goblin.

Vanquished Creatures
  An adder (D:2)
  An ooze (D:1)
  A worm (D:2)
  A bat (D:1)
  3 hobgoblins
  6 jackals
  2 quokkas (D:2)
  3 giant cockroaches
  2 giant newts (D:1)
  8 goblins
  2 kobolds (D:1)
  4 rats
34 creatures vanquished.

Notes
Turn   | Place    | Note
--------------------------------------------------------------
     0 | D:1      | Monkaria the Demonspawn Chaos Knight began the quest for the Orb.
     0 | D:1      | Reached XP level 1. HP: 18/18 MP: 1/1
   261 | D:1      | Gained mutation: When hurt, damage is shared between your health and your magic reserves. [demonic ancestry]
   261 | D:1      | Reached XP level 2. HP: 24/24 MP: 2/2
   332 | D:1      | XOM: silly message
   477 | D:1      | Reached skill level 4 in Fighting
   660 | D:2      | Gained mutation: You have sharp fingernails. [demonic ancestry]
   660 | D:2      | Reached XP level 3. HP: 20/30 MP: 3/3
   663 | D:2      | XOM: noise
   726 | D:2      | Reached skill level 1 in Unarmed Combat
   758 | D:2      | XOM: smoke on damage
   808 | D:2      | Noticed Sigmund
  1031 | D:2      | XOM: cast spell 'Blink'
  1041 | D:2      | XOM: confuse monster(s)
  1051 | D:2      | Mangled by Sigmund

Vault maps used:
D:1:      onia_arrival_mini_spirals
D:2:      first_bread, uniq_sigmund, uniq_robin

Action                   || total
-------------------------++-------
Melee: Falchion          ||   130
  Use: Potion            ||     2
 Stab: Petrifying        ||     2
